 Dungeon Crawl Stone Soup version 0.24.1 (webtiles) character file.

Game seed: 18123667666375159461, levelgen mode: deterministic

233 Doot the Sneak (level 6, -3/33 HPs)
             Began as a Kobold Enchanter on Apr 6, 2020.
             Slain by a river rat (9 damage)
             ... summoned by Eustachio
             ... on level 4 of the Dungeon.
             The game lasted 00:04:42 (2833 turns).

Doot the Sneak (Kobold Enchanter)                   Turns: 2833, Time: 00:04:43

Health: -3/33      AC:  2    Str:  8    XL:     6   Next: 25%
Magic:  1/11       EV: 16    Int: 16    God:
Gold:   74         SH:  0    Dex: 15    Spells: 5/11 levels left

rFire    . . .     SeeInvis .   a - +1 dagger
rCold    . . .     Gourm    .   (shield restricted)
rNeg     . . .     Faith    .   b - +0 robe
rPois    .         Spirit   .   (no helmet)
rElec    .         Reflect  .   (no cloak)
rCorr    .         Harm     .   (no gloves)
MR       .....                  (no boots)
Stlth    +++.......             (no amulet)
HPRegen  0.11/turn              (no ring)
MPRegen  0.12/turn              (no ring)

@: hasted, very quick
A: small, carnivore
a: no special abilities


You were on level 4 of the Dungeon.
You were very full.

You visited 1 branch of the dungeon, and saw 5 of its levels.

You collected 74 gold pieces.

Inventory:

Hand Weapons
 a - a +1 dagger (weapon)
Missiles
 n - 18 poisoned darts (quivered)
Armour
 b - a +0 robe (worn)
Wands
 m - a wand of clouds (6)
Scrolls
 c - 2 scrolls of identify {unknown}
 g - 3 scrolls of magic mapping {unknown}
 j - 2 scrolls of enchant armour {unknown}
 l - a scroll of teleportation {unknown}
Potions
 f - a potion of might {unknown}
 h - a potion of agility {unknown}
 i - a potion of curing
Comestibles
 d - 6 rations


   Skills:
 + Level 0.9 Fighting
 + Level 2.4 Short Blades
 + Level 3.2 Dodging
 + Level 5.7 Stealth
 + Level 3.3 Spellcasting
 + Level 3.9 Hexes
 + Level 1.6 Ice Magic


You had 5 spell levels left.
You knew the following spells:

 Your Spells              Type           Power        Failure   Level  Hunger
a - Corona                Hex            ###....      3%          1    None
b - Ensorcelled Hibernat  Hex/Ice        ##....       9%          2    ##.....
c - Confuse               Hex            ###.....     11%         3    ###....

Your spell library contained the following spells:

 Spells                   Type           Power        Failure   Level  Hunger
 Tukima's Dance           Hex            ###.....     11%         3    ###....
 Dazzling Spray           Conj/Hex       #.....       24%         3    ###....


Dungeon Overview and Level Annotations

Branches:
Dungeon (5/15)
 Temple: D:4-7

Altars:

Annotations:
D:4 Eustachio


Innate Abilities, Weirdness & Mutations

You are small and have problems with some larger weapons.
You are carnivorous and can eat meat at any time.


Message History

The river rat misses you. The worker ant bites you.
Casting: Ensorcelled Hibernation (safe; 9% risk of failure)
Confirm with . or Enter, or press ? or * to list all spells.
Aiming: Ensorcelled Hibernation (safe; 9% risk of failure)
Press: ? - help, Shift-Dir - straight line, f/p - worker ant
Aim: a worker ant (chance to defeat MR: 50%)
The worker ant resists with some effort.
The worker ant barely misses you. The river rat barely misses you.
Casting: Ensorcelled Hibernation (safe; 9% risk of failure)
Confirm with . or Enter, or press ? or * to list all spells.
You don't have enough magic to cast that spell.
Unknown command.
The worker ant bites you!
* * * LOW HITPOINT WARNING * * *
Found a spear.
Okay, then.
Unknown command.
It was a potion of haste.
You feel yourself speed up. The worker ant barely misses you.
The river rat bites you!
You die...

..........
...!..
##..##
##....## ##
#......# .#
##.)###.##
##
.#####..##
#..## ..#.#
#..##...#
##?r#.)...#
#..#...##
#.@a.#
#..#...#
##..##
#......#
####
#...@.##
##....##
#.....#
#.....#
#.##..#
#.###..#


You could see a worker ant and a river rat.

Vanquished Creatures
  A bullfrog (D:4)
  A scorpion (D:4)
  An orc wizard (D:4)
  A worker ant (D:4)
  3 adders
  2 worms
  4 orcs (D:4)
  3 giant cockroaches
  7 goblins
  3 hobgoblins (D:3)
  6 jackals
  A ball python (D:3)
  3 bats
  3 frilled lizards (D:1)
  6 kobolds
  3 rats (D:1)
48 creatures vanquished.

Notes
Turn   | Place    | Note
-------+----------+-------------------------------------------
     0 | D:1      | Doot the Kobold Enchanter began the quest for the Orb.
     0 | D:1      | Reached XP level 1. HP: 10/10 MP: 3/3
   239 | D:1      | Reached XP level 2. HP: 13/15 MP: 5/5
   283 | D:1      | Learned a level 2 spell: Ensorcelled Hibernation
  1134 | D:1      | Reached XP level 3. HP: 19/19 MP: 6/6
  1166 | D:2      | Learned a level 3 spell: Confuse
  1610 | D:3      | Reached XP level 4. HP: 9/24 MP: 0/8
  1991 | D:4      | Reached skill level 5 in Stealth
  2032 | D:4      | Noticed a bullfrog
  2036 | D:4      | Killed a bullfrog
  2036 | D:4      | Reached skill level 1 in Ice Magic
  2036 | D:4      | Reached XP level 5. HP: 28/28 MP: 4/9
  2230 | D:4      | Reached XP level 6. HP: 33/33 MP: 10/10
  2301 | D:5      | Entered Level 5 of the Dungeon
  2647 | D:4      | Noticed Eustachio
  2833 | D:4      | Slain by a river rat

Levels and vault maps discovered:
D:1:      zelgadis_glass_arrival_small, layout_basic
D:2:      layout_basic, first_ration, solitary_fountain
D:3:      layout_basic, yredelemnul_altar_generic, lemuel_round_altar
D:4:      layout_layer_cave, uniq_eustachio, uniq_sigmund
D:5:      layout_loops_ring, vehumet_altar_wand_db,
          gammafunk_temple_overflow_arena, grunt_gozag_breadcrumbs,
          makhleb_blood_cavern_becter

Skill      XL: |  1  2  3  4  5 |
---------------+----------------+-----
Short Blades   | 2 |  2.4
Stealth        | 5 |  5.7
Spellcasting   | 3 |  3.3
Ice Magic      | 1 |  1.6
Dodging        | 3 |  3.2
Fighting       | |  0.9
Hexes          | |  3.9

Action                   |  1- 3 |  4- 6 || total
-------------------------+-------+-------++-------
Melee: Dagger            |   120 |    68 ||   188
 Cast: Ensorcelled Hiber |    21 |    21 ||    42
       Confuse           |       |     3 ||     3
  Use: Potion            |       |     2 ||     2
 Stab: Sleeping          |    16 |    10 ||    26
  Eat: Chunk             |    12 |     4 ||    16
Armor: Robe              |    12 |    18 ||    30
Dodge: Dodged            |   100 |    95 ||   195
